 Dungeon Crawl Stone Soup version 0.30-b1-2-g02819fbbbe (webtiles) character file.

Game seed: 10238018182003910325

7984 LLlMATKO the Fighter (level 11, -10/97 HPs)
             Began as a Minotaur Berserker on May 27, 2023.
             Was an Elder of Trog.
             Killed from afar by NimIero's ghost (31 damage)
             ... with a stone arrow
             ... on level 8 of the Dungeon.
             The game lasted 00:12:31 (10472 turns).

LLlMATKO the Fighter (Minotaur Berserker)          Turns: 10472, Time: 00:12:32

Health: -10/97     AC: 18    Str: 33    XL:     11   Next: 3%
Magic:  10/10      EV: 10    Int:  4    God:    Trog [****..]
Gold:   157        SH:  9    Dex: 11    Spells: 10/10 levels left

rFire   . . .        w - +4 broad axe (heavy)
rCold   . . .        z - +0 kite shield
rNeg    + + .        b - +0 plate armour
rPois   .            (helmet restricted)
rElec   .            t - +1 cloak
rCorr   .            L - +0 pair of gloves of Ynudang {Str+8 Int-2}
SInv    .            (no boots)
Will    .....        (no amulet) Stlth
                     j - ring "Hanonot" {Wiz rN++ Int+2}
HPRegen 0.36/turn    (no ring)
MPRegen 0.12/turn

%: wizardry (x1)
@: no status effects
A: horns 2, retaliatory headbutt
a: Renounce Religion, Berserk, Trog's Hand, Brothers in Arms


You were on level 8 of the Dungeon.
You worshipped Trog.
Trog was greatly pleased with you.
You visited 1 branch of the dungeon, and saw 9 of its levels.
You also visited: Sewer.

You collected 484 gold pieces.
You spent 327 gold pieces at shops.

Inventory:

Hand Weapons
 q - a +0 hand crossbow
 w - a +4 heavy broad axe (weapon)
Missiles
 a - a boomerang of dispersal
 n - 32 poisoned darts (quivered)
 r - 8 boomerangs
 x - a javelin
 y - 2 throwing nets
 E - 2 curare-tipped darts
Armour
 b - a +0 plate armour (worn)
 t - a +1 cloak (worn)
 z - a +0 kite shield (worn)
 L - the +0 pair of gloves of Ynudang (worn) {Str+8 Int-2}
   (You bought it in a shop on level 9 of the Dungeon)

   Str:       It affects your strength (+8).
   Int:       It affects your intelligence (-2).
Jewellery
 j - the ring "Hanonot" (left hand) {Wiz rN++ Int+2}
   (You found it on level 3 of the Dungeon)

   [ring of wizardry]

   It improves your spell success rate.
   Int:       It affects your intelligence (+2).
   rN:        It greatly protects you from negative energy.
Wands
 k - a wand of light (20)
 A - a wand of charming (10)
 H - a wand of flame (24)
Scrolls
 f - 2 scrolls of noise {unknown}
 g - 2 scrolls of fear
 h - 2 scrolls of identify
 m - 7 scrolls of teleportation
 u - 2 scrolls of blinking {unknown}
 v - a scroll of brand weapon {unknown}
 B - a scroll of magic mapping
 G - a scroll of silence {unknown}
 I - 2 scrolls of enchant armour {unknown}
 K - a scroll of vulnerability {unknown}
Potions
 c - 4 potions of invisibility
 d - 2 potions of flight {unknown}
 e - 3 potions of resistance
 i - 4 potions of haste
 l - a potion of magic {unknown}
 o - a potion of attraction {unknown}
 p - a potion of degeneration {unknown}
 s - 4 potions of curing {unknown}
 C - a potion of ambrosia {unknown}
 F - a potion of lignification {unknown}
 J - a potion of cancellation {unknown}


   Skills:
 + Level 9.6 Fighting
 + Level 9.5 Axes
 + Level 6.5 Ranged Weapons
 + Level 9.3 Armour
 + Level 8.4 Dodging
 + Level 7.2 Shields


You had 10 spell levels left.
You didn't know any spells.
Your spell library was empty.

Dungeon Overview and Level Annotations

Branches:
Dungeon (9/15)             Temple (0/1) D:4           Sewer (visited)
   Lair: D:8-11         Orc: D:9-12

Altars:
Elyvilon
Gozag
Hepliaklqana
Kikubaaqudgha
Makhleb
Okawaru
Qazlal
Sif Muna
Trog
Uskayaw
Zin
The Shining One

Shops:
D:4 ?   D:5 (   D:9 [

Annotations:
D:8 NimIero's ghost, novice FoEE


Innate Abilities, Weirdness & Mutations

You have a pair of horns on your head.
You reflexively headbutt those who attack you in melee.


Message History

Your ogre completely misses NimIero's ghost.
NimIero's ghost points at you and mumbles some strange words.
The stone arrow hits you.
Your ogre closely misses NimIero's ghost.
NimIero's ghost hits you but does no damage.
You closely miss NimIero's ghost.
NimIero's ghost is heavily damaged.
Your ogre hits NimIero's ghost with a +0 giant club.
NimIero's ghost hits you but does no damage.
Your ogre completely misses NimIero's ghost.
You block NimIero's ghost's attack.
Unknown command.
You closely miss NimIero's ghost.
NimIero's ghost is heavily damaged.
Your ogre completely misses NimIero's ghost.
You block NimIero's ghost's attack.
Your ogre closely misses NimIero's ghost.
NimIero's ghost gestures at you while chanting.
You block the stone arrow.
You closely miss NimIero's ghost. Your headbutt misses NimIero's ghost.
NimIero's ghost is heavily damaged.
Your ogre closely misses NimIero's ghost.
NimIero's ghost hits you but does no damage.
Your ogre completely misses NimIero's ghost.
Unknown command.
You miss NimIero's ghost.
NimIero's ghost is heavily damaged.
NimIero's ghost casts a spell at you. The stone arrow hits you!!
* * * LOW HITPOINT WARNING * * *
Your ogre completely misses NimIero's ghost.
NimIero's ghost casts a spell at you. You block the stone arrow.
You barely miss NimIero's ghost. Your headbutt misses NimIero's ghost.
NimIero's ghost is heavily damaged.
You recover from your berserk rage.
Your ogre completely misses NimIero's ghost.
NimIero's ghost points at you and mumbles some strange words.
The stone arrow hits you!!
You die...

#### #########............
#..#### #..#.#..#......[..##.
######....####.$(/.##.........##.
#...........#.......#)).......##.
#..........###.....##<))..(...###
#...........#.......#.).......#
#........<.####'''###)........###
#..............OW...............[
#..........###..@..#.............
#.......[..# ##....#..........###
#..........# #...##.###.###### #
#####..###.# #.#..#.# #.# #
######...#.# #.#....# #.#
#..........# #.#..### #.#
#..........# ##.#..>## #.# #
#..........###.......###.########
#................................


You could see NimIero's ghost (ally target) and a friendly ogre (summoned,
berserk).

Vanquished Creatures
  The ghost of steph the Fighter, a journeyman DjFE of Makhleb (D:9)
  Maurice (D:8)
  A gargoyle (D:8)
  An unseen horror zombie (D:8)
  A spectral unseen horror (D:8)
  An unseen horror skeleton (D:8)
  A troll (D:9)
  Sigmund (D:3)
  4 fire bats (D:8)
  A wyvern (D:9)
  A hell hound (D:8)
  3 water moccasins
  A spectral hornet (D:8)
  3 orc warriors
  2 sky beasts
  2 black bears
  An ice beast (D:6)
  An ogre (D:6)
  4 centaurs
  6 kobold brigands
  4 necrophages
  A bullfrog (D:8)
  3 gnoll sergeants
  4 scorpions
  8 killer bees (D:9)
  6 howler monkeys
  A spectral centaur (D:8)
  2 jellies
  A human zombie (D:8)
  2 lava snakes (D:8)
  A centaur zombie (D:8)
  4 hounds
  3 orc priests
  3 iguanas
  A gnoll bouda (D:6)
  A sleepcap (D:6)
  9 orc wizards
  A killer bee zombie (D:8)
  A hound skeleton (D:4)
  A howler monkey zombie (D:8)
  5 mummies (D:8)
  15 gnolls
  17 adders
  8 river rats (Sewer)
  2 shadow imps
  3 white imps
  2 ufetubi
  3 worms
  3 dart slugs
  41 orcs
  8 endoplasms
  4 giant cockroaches
  5 goblins
  4 hobgoblins
  4 jackals (D:2)
  34 kobolds
  3 quokkas
  3 training dummies (D:5)
  7 ball pythons
  6 bats
  6 frilled lizards
  24 rats
301 creatures vanquished.

Vanquished Creatures (others)
  A quokka (D:7)
  3 fire vortices (D:8)
4 creatures vanquished.

Grand Total: 305 creatures vanquished

Notes
Turn   | Place    | Note
-------+----------+-------------------------------------------
     0 | D:1      | LLlMATKO the Minotaur Berserker began the quest for the
                  | Orb.
     0 | D:1      | Reached XP level 1. HP: 19/19 MP: 0/0
   257 | D:1      | Reached XP level 2. HP: 26/27 MP: 1/1
   752 | D:2      | Found a faded altar of an unknown god.
   773 | D:2      | Reached XP level 3. HP: 29/33 MP: 2/2
  1521 | D:2      | Reached ** piety under Trog
  1780 | D:3      | Reached XP level 4. HP: 41/41 MP: 3/3
  2035 | D:3      | Identified the ring "Hanonot" {Wiz rN++ Int+2}
  2207 | D:3      | Found a bloodstained altar of Trog.
  2278 | D:3      | Noticed a +0 short sword
  2278 | D:3      | Noticed a +0 spear
  2278 | D:3      | Noticed a +0 short sword
  2280 | D:3      | Noticed a +0 spear
  2280 | D:3      | Noticed a +0 falchion
  2281 | D:3      | Noticed a +0 falchion
  2281 | D:3      | Noticed a +0 dagger
  2286 | D:3      | Noticed a +0 dagger
  2291 | D:3      | Found a hide-covered altar of Uskayaw.
  2394 | D:3      | Noticed Sigmund
  2407 | D:3      | Killed Sigmund
  2408 | D:3      | Reached skill level 5 in Fighting
  2408 | D:3      | Reached skill level 5 in Axes
  2408 | D:3      | Reached XP level 5. HP: 45/48 MP: 4/4
  2408 | D:3      | Reached XP level 6. HP: 53/56 MP: 5/5
  2931 | D:4      | Found a staircase to the Ecumenical Temple.
  3239 | D:4      | Found a burning altar of Makhleb.
  3257 | D:4      | Reached skill level 5 in Armour
  3316 | D:4      | Reached XP level 7. HP: 50/62 MP: 6/6
  3366 | D:4      | Found a hazy altar of Hepliaklqana.
  3520 | D:4      | Found The Oracle's Delphic Readings.
  3955 | D:5      | Entered Level 5 of the Dungeon
  4044 | D:5      | Found an iron altar of Okawaru.
  4363 | D:5      | Found a glowing silver altar of Zin.
  4449 | D:5      | Found Koseguy's Firing Range.
  4453 | D:5      | Bought a +0 hand crossbow for 38 gold pieces
  4507 | D:5      | Found a shimmering blue altar of Sif Muna.
  4685 | D:5      | Reached skill level 5 in Dodging
  4685 | D:5      | Reached skill level 1 in Shields
  4858 | D:5      | Reached *** piety under Trog
  4859 | D:5      | Reached skill level 1 in Ranged Weapons
  5176 | D:5      | Reached XP level 8. HP: 67/71 MP: 7/7
  5437 | D:6      | Found a glowing drain.
  5473 | Sewer    | Entered a sewer
  5775 | Sewer    | Reached **** piety under Trog
  6467 | D:6      | Reached XP level 9. HP: 70/79 MP: 8/8
  7378 | D:7      | Found a stormy altar of Qazlal.
  7489 | D:7      | Found a white marble altar of Elyvilon.
  7904 | D:8      | Reached skill level 5 in Shields
  7910 | D:8      | Reached ***** piety under Trog
  7959 | D:8      | Noticed a gargoyle
  8092 | D:8      | Killed a gargoyle
  8093 | D:8      | Reached skill level 5 in Ranged Weapons
  8126 | D:8      | Found a runed translucent gate.
  8135 | D:8      | Found a runed translucent gate.
  8136 | D:8      | Found a runed translucent gate.
  8138 | D:8      | Noticed a spectral unseen horror
  8138 | D:8      | Noticed NimIero's ghost (novice FoEE)
  8184 | D:8      | Noticed Maurice
  8192 | D:8      | Reached XP level 10. HP: 89/90 MP: 9/9
  8201 | D:8      | Killed Maurice
  8322 | D:8      | Found a glowing golden altar of the Shining One.
  8886 | D:8      | Found an ancient bone altar of Kikubaaqudgha.
  9628 | D:9      | Noticed steph's ghost (journeyman DjFE)
  9631 | D:9      | Found a runed translucent door.
  9672 | D:9      | Found an opulent altar of Gozag.
 10056 | D:9      | Found Wenluima's Armour Emporium.
 10067 | D:9      | Bought the +0 pair of gloves of Ynudang {Str+8 Int-2} for
                  | 289 gold pieces
 10155 | D:9      | Received a gift from Trog
 10388 | D:9      | Killed steph's ghost
 10451 | D:8      | Reached XP level 11. HP: 97/97 MP: 10/10
 10472 | D:8      | Killed from afar by NimIero's ghost

Illustrated notes

Levels and vault maps discovered:
D:1:      amcnicky_arrival_abandoned_market, layout_basic
D:2:      layout_basic, ebering_ecumenical_altar_sacrificial, serial_aquarium,
          aquarium_bridge_square [aquarium_subvault_bridge,
          aquarium_subvault_wall, aquarium_subvault_bridge,
          aquarium_subvault_wall], aquarium_bridge_square
          [aquarium_subvault_wall, aquarium_subvault_bridge,
          aquarium_subvault_bridge, aquarium_subvault_bridge],
          aquarium_window_1, aquarium_window_fake, aquarium_window_1,
          aquarium_view_2e, aquarium_view_2e, aquarium_pool_side,
          minmay_fractal_squares_gapless_5
D:3:      layout_basic, nicolae_uskayaw_en_pointe, lightli_temple_of_fire,
          roderic_roman_lattice, grunt_ministairs_9, uniq_sigmund
D:4:      layout_gridville, marbit_many_paths, makhleb_blood_cavern_becter,
          minmay_temple_entry_junction, nicolae_nh_oracle_at_delphi
D:5:      minmay_diamond_boxcup, layout_basic, lemuel_tele_altar,
          nicolae_overflow_hidden_temple, lemuel_round_altar,
          nicolae_shop_firing_range
D:6:      layout_basic, gup_sewer_entry_glass
D:7:      layout_rooms, mainiacjoe_overflow_alcove_1, elyvilon_altar_4
D:8:      layout_rooms, tso_altar, lemuel_mausoleum_altar_kikubaaqudgha,
          gammafunk_ghost_necromancy, hangedman_incinerator, uniq_maurice
D:9:      layout_irregular_city, grunt_gozag_breadcrumbs,
          hellmonk_ghost_happy_afterlife, serial_shops, shop,
          eino_small_chamber_without_monster

Skill      XL: |  1  2  3  4  5  6  7  8  9 10 |
---------------+-------------------------------+-----
Fighting       | 4 5 6 7 8 9 |  9.6
Axes           | 4 5 6 7 8 9 |  9.5
Armour         | 3 4 5 6 8 9 |  9.3
Dodging        | 3 4 5 6 7 8 |  8.4
Shields        | 1 3 5 7 |  7.2
Ranged Weapons | 1 3 5 6 |  6.5

Action                     |  1- 3 |  4- 6 |  7- 9 | 10-12 || total
---------------------------+-------+-------+-------+-------++-------
  Melee: Hand axe          |   100 |   114 |   325 |   147 ||   686
         Headbutt          |    11 |    14 |    65 |    24 ||   114
         Punch             |       |     3 |     1 |       ||     4
         War axe           |       |       |    45 |       ||    45
         Broad axe         |       |       |       |    31 ||    31
   Fire: Hand crossbow     |       |       |    67 |    16 ||    83
 Invoke: Berserk           |       |     1 |    12 |     4 ||    17
         Trog's Hand       |       |       |       |     2 ||     2
         Brothers in Arms  |       |       |       |     2 ||     2
    Use: Scroll            |       |       |     8 |       ||     8
         Potion            |       |       |     1 |       ||     1
 Armour: Animal skin       |    23 |       |       |       ||    23
         Plate armour      |       |    66 |   265 |   106 ||   437
  Dodge: Dodged            |    59 |    37 |   154 |    54 ||   304
  Block: Kite shield       |       |       |   167 |    79 ||   246
